AoeStats
← iTony8

Arena

508446804Analyzed
1v1 RM · 11d ago on Sep 22, 2026· 54m 24s· 2 players
Game mode
Random Map
Map size
Tiny (2 player)
Population
200
Speed
Normal
Resources
Standard
Victory
Conquest
Starting age
Dark Age
Ending age
Imperial Age
RankedLock teamsTeams togetherTeam positionsShared explorationLock speedFull tech treeHidden civsTurbo modeCheats
Victory
Defeat
🇷🇴 Poles · Romania
931
+14
🇵🇪 Japanese · Peru
894
-14
iTony8
11:10 Feudal Age
13:47 Double-Bit Axe
13:58 Loom
16:47 Castle Age
15:22 Horse Collar
19:02 Bow Saw
20:06 Wheelbarrow
21:04 Pikeman
22:00 Forging
21:43 Stone Mining
25:00 Heavy Plow
26:02 Scale Barding Armor
26:54 Squires
26:40 Gambesons
26:58 Scale Mail Armor
27:33 Iron Casting
28:21 Bloodlines
28:12 Husbandry
33:21 Imperial Age
33:32 Chain Mail Armor
33:52 Light Cavalry
35:07 Plate Mail Armor
35:21 Hand Cart
35:15 Gold Mining
38:46 Blast Furnace
44:46 Chain Barding Armor
45:02 Conscription
47:25 Two-Man Saw
46:36 Halberdier
47:32 Halberdier
49:20 Elite Skirmisher
50:07 Thumb Ring
49:54 Fletching
50:04 Padded Archer Armor
LupOrder
0:34 Loom
11:57 Feudal Age
12:24 Town Watch
13:06 Horse Collar
20:36 Castle Age
18:49 Double-Bit Axe
19:19 Gold Mining
20:25 Man-at-Arms
21:45 Stone Mining
22:13 Bloodlines
22:02 Crossbowman
23:05 Light Cavalry
25:08 Stone Shaft Mining
26:37 Husbandry
28:03 Wheelbarrow
28:46 Fletching
30:52 Scale Barding Armor
30:58 Forging
30:44 Bodkin Arrow
31:31 Hand Cart
31:34 Treadmill Crane
31:51 Murder Holes
33:22 Ballistics
37:07 Imperial Age
35:54 Masonry
36:08 Chain Barding Armor
37:04 Iron Casting
38:13 Conscription
37:53 Cavalier
40:10 Blast Furnace
41:53 Bracer
42:35 Szlachta Privileges
43:56 Bow Saw
43:49 Heavy Plow
43:26 Arbalester
44:52 Lechitic Legacy
44:14 Winged Hussar
45:08 Town Patrol
46:25 Padded Archer Armor
47:45 Thumb Ring
48:57 Chemistry
48:35 Leather Archer Armor
49:27 Arrowslits
52:15 Capped Ram
Connection lost

Rejoining the realm…

Still unreachable

The connection could not be restored.

Session expired

The server has moved on; the page needs a fresh start.